 Dungeon Crawl Stone Soup version 0.28-a0-309-gf6d37e6e1d (console) character file.

Game seed: 3688897413498945844

3214 FIQ the Thaumaturge (level 10, -30/67 HPs)
             Began as a Djinni Fire Elementalist on Aug 29, 2021.
             Was a Believer of Makhleb.
             Annihilated by a boulder beetle (54 damage)
             ... on level 7 of the Dungeon.
             The game lasted 00:15:49 (10536 turns).

FIQ the Thaumaturge (Djinni Fire Elementalist)     Turns: 10536, Time: 00:15:49

Health: -30/67     AC:  9    Str:  7    XL:     10   Next: 17%
Gold:   567        EV: 11    Int: 21    God:    Makhleb [**....] SH:  0 Dex: 13

rFire   + + .      SeeInvis .   (no weapon)
rCold   . . .      Faith    .   (no shield)
rNeg    . . .      Spirit   .   n - +2 leather armour {rC+}
rPois   ∞          Reflect  .   o - +0 helmet
rElec   .          Harm     .   p - +0 cloak
rCorr   .          Rampage  .   j - +1 pair of gloves
Will    +....                   (boots unavailable)
Stlth   ++........              (no amulet)
HPRegen 0.21/turn               (no ring)
MPRegen 0.00/turn               (no ring)

@: flying, very slightly contaminated
A: sickness immunity, fire resistance 2, cold vulnerability 1, float, innate
caster, hp casting, extra vitality 1
a: Renounce Religion, Minor Destruction


You were on level 7 of the Dungeon.
You worshipped Makhleb.
Makhleb was pleased with you.
You visited 2 branches of the dungeon, and saw 8 of its levels.
You also visited: Ossuary.

You collected 589 gold pieces.
You spent 22 gold pieces at shops.

Inventory:

Armour
 a - a +0 robe
 j - a +1 pair of gloves (worn)
 n - a +2 leather armour of cold resistance (worn)
 o - a +0 helmet (worn)
 p - a +0 cloak (worn)
Wands
 r - a wand of flame (17)
Scrolls
 b - 2 scrolls of enchant armour
 c - a scroll of fog {unknown}
 f - 9 scrolls of blinking
 g - a scroll of fear {unknown}
 l - a scroll of amnesia {unknown}
 m - a scroll of torment {unknown}
 q - a scroll of noise {unknown}
Potions
 d - a potion of heal wounds
 e - 4 potions of curing
 h - 3 potions of brilliance
 i - a potion of haste {unknown}
 k - a potion of lignification {unknown}


   Skills:
 + Level 3.9 Fighting
 - Level 2.1 Dodging
 - Level 1.5 Stealth
 * Level 10.3 Spellcasting


You had 5 spell levels left.
You knew the following spells:

 Your Spells              Type           Power      Damage    Failure   Level
a - Foxfire               Conj/Fire      100%       2x1d9     1%          1
b - Conjure Flame         Conj/Fire      52%        6-21      1%          3
c - Inner Flame           Hex/Fire       52%        N/A       1%          3
d - Sticky Flame          Conj/Fire      52%        2d7       1%          4
e - Fireball              Conj/Fire      26%        3d12      3%          5
f - Shock                 Conj/Air       100%       1d9       1%          1
g - Searing Ray           Conj           100%       3d7       1%          2
h - Call Imp              Summ           52%        N/A       1%          2
i - Call Canine Familiar  Summ           52%        N/A       1%          3
Your spell library was empty.

Dungeon Overview and Level Annotations

Branches:
Dungeon (7/15)             Temple (1/1) D:5         Ossuary (visited)

Altars:
Ashenzari
Cheibriados
Dithmenos
Fedhas
Hepliaklqana
Kikubaaqudgha
Makhleb
Nemelex Xobeh
Okawaru
Qazlal
Sif Muna
Wu Jian
Xom
Yredelemnul

Shops:
D:5 (*


Innate Abilities, Weirdness & Mutations

You are immune to sickness and miasma.
You are immune to poison.
Your flesh is very heat resistant. (rF++)
You are vulnerable to cold. (rC-)
You float through the air rather than walking.
You learn spells naturally, not from books.
Your magical power is your life essence.
You have superior vitality. (+4 HP)


Message History

Aim: a deep elf pyromancer, wielding a +0 long sword, wearing a +0 robe and carrying a wand of iceblast (4) (heavily wounded)
The fireball explodes!
The fireball engulfs the deep elf pyromancer!!
You kill the deep elf pyromancer!
Makhleb accepts your kill.
Casting: Fireball (dangerous; 3% risk of failure)
Confirm with . or Enter, or press ? or * to list all spells.
Aiming: Searing Ray (safe; 1% risk of failure)
Press: ? - help, Shift-Dir - straight line, f - boulder beetle
Aim: a boulder beetle (inner flame, 100% to hit)
Okay, then.
Unknown command.
Unknown command.
Unknown command.
Unknown command.
Unknown command.
Press: ? - help, v - describe, . - travel
Here: a boulder beetle (inner flame)
The floor.
Casting: Searing Ray (safe; 1% risk of failure)
Confirm with . or Enter, or press ? or * to list all spells.
Aiming: Fireball (dangerous; 3% risk of failure)
Press: ? - help, Shift-Dir - straight line, f - boulder beetle
Aim: a boulder beetle (inner flame)
The fireball explodes!
The fireball engulfs the boulder beetle!
Flame seeps out of the boulder beetle.
The boulder beetle is moderately wounded.
The boulder beetle is engulfed in blazing flames.
Flame seeps out of the boulder beetle.
Things that are here:
a +0 leather armour; 2 boomerangs; a +0 trident The boulder beetle curls into a ball and begins rolling!
You see here a sky beast corpse.
Unknown command.
Found a chain mail.
You hear a zap.
You hear a grinding noise.
The boulder beetle hits you!!!
Ouch! That really hurt!
You die...

#)# ##.........###
########)###########..###.###....
........).......)##..##..#..##...
.....^...........#..##..###..##..
...............)...##.#.....#.###
...........†....)°[#...##.##.,.#.
#############...○#○#.#.#...*.#,#.
#...B#.B##...*,,,##.#
#...@#.#)#.#,,,*,*.#*
####...#...#*,**,,,*,
#...##.#.....#,***
#....##.○###..#**,
#.....##.B#,,***,,
#......###°#***,**
#...##.#,,...*,,*,
#..[#*.#,,,..**,**
*,,,**,,**,##.,,,,


You could see a boulder beetle (rolling, inner flame).

Vanquished Creatures
  A deep elf pyromancer (D:7)
  Grinder (D:3)
  2 orc warriors
  A necrophage (D:6)
  2 black bears
  An ogre (D:5)
  A centaur (D:7)
  A phantom (D:5)
  2 bullfrogs (D:7)
  An elf zombie (Ossuary)
  2 scorpions
  A water moccasin skeleton (D:4)
  A wyvern skeleton (D:5)
  4 wights (D:7)
  2 howler monkeys
  2 orc priests
  A centaur skeleton (D:5)
  5 hounds
  2 jellies
  A gnoll shaman (D:5)
  3 iguanas
  Terence (D:3)
  2 orc wizards
  2 mummies (Ossuary)
  Robin (D:3)
  3 adders
  9 gnolls
  2 shadow imps (D:5)
  An ufetubus (D:4)
  2 dart slugs
  16 orcs
  13 endoplasms
  2 giant cockroaches
  4 gnoll zombies (Ossuary)
  15 goblins
  10 hobgoblins
  4 jackals (D:4)
  7 ball pythons
  13 bats
  6 frilled lizards
  5 goblin zombies (Ossuary)
  A hobgoblin zombie (Ossuary)
  7 kobolds
  3 orc zombies (Ossuary)
  5 rats
  A spectral orc (D:6)
172 creatures vanquished.

Vanquished Creatures (collateral kills)
  A sky beast (D:7)
  2 bullfrogs (D:7)
  A scorpion (D:7)
  2 howler monkeys (D:7)
  A centaur zombie (D:7)
  A gnoll shaman (D:7)
  2 orc wizards (D:7)
  An orc (D:7)
11 creatures vanquished.

Vanquished Creatures (others)
  655 foxfires
655 creatures vanquished.

Grand Total: 838 creatures vanquished

Notes
Turn   | Place    | Note
-------+----------+-------------------------------------------
     0 | D:1      | FIQ the Djinni Fire Elementalist began the quest for the
                  | Orb.
     0 | D:1      | Reached XP level 1. HP: 15/15 MP: 0/0
   174 | D:1      | Reached XP level 2. HP: 10/21 MP: 0/0
   786 | D:1      | Reached skill level 3 in Spellcasting
  1270 | D:1      | Reached XP level 3. HP: 24/25 MP: 0/0
  1270 | D:1      | Learned a level 1 spell: Shock
  3114 | D:2      | Reached XP level 4. HP: 15/31 MP: 0/0
  3352 | D:3      | Noticed Grinder
  3358 | D:3      | Killed Grinder
  3359 | D:3      | Reached skill level 5 in Spellcasting
  3359 | D:3      | Reached XP level 5. HP: 26/35 MP: 0/0
  3359 | D:3      | Learned a level 2 spell: Searing Ray
  3359 | D:3      | Reached XP level 6. HP: 30/40 MP: 0/0
  3466 | D:3      | Noticed Terence
  3473 | D:3      | Killed Terence
  3707 | D:3      | Noticed Robin
  3720 | D:3      | Killed Robin
  4260 | D:3      | Found a stormy altar of Qazlal.
  4863 | D:3      | You are sucked into a shaft and drop 2 floors!
  4863 | D:5      | Entered Level 5 of the Dungeon
  4905 | D:5      | Found a staircase to the Ecumenical Temple.
  4906 | D:5      | Noticed an ogre
  4913 | D:5      | Killed an ogre
  4914 | D:5      | Reached XP level 7. HP: 38/45 MP: 0/0
  4914 | D:5      | Learned a level 2 spell: Call Imp
  4965 | Temple   | Entered the Ecumenical Temple
  5438 | Temple   | Became a worshipper of Makhleb the Destroyer
  5484 | D:5      | Found a sparkling altar of Nemelex Xobeh.
  5586 | D:5      | Found a broken altar of Ashenzari.
  5604 | D:5      | Reached skill level 6 in Spellcasting
  6433 | D:5      | Found Xigeq's Weapon Emporium.
  6456 | D:5      | Reached XP level 8. HP: 45/50 MP: 0/0
  6524 | D:5      | Found Ijexzy's General Store.
  6532 | D:5      | Bought a scroll of identify for 22 gold pieces
  6556 | D:5      | Reached skill level 7 in Spellcasting
  7478 | D:4      | Reached * piety under Makhleb
  8291 | D:4      | Reached skill level 8 in Spellcasting
  9216 | D:6      | Reached XP level 9. HP: 52/55 MP: 0/0
  9216 | D:6      | Learned a level 3 spell: Call Canine Familiar
  9553 | D:6      | Found a basalt altar of Yredelemnul.
  9601 | D:6      | Reached ** piety under Makhleb
  9847 | D:7      | Reached skill level 9 in Spellcasting
  9889 | D:7      | Found a sand-covered staircase.
  9896 | Ossuary  | Entered an ossuary
 10246 | D:7      | Reached skill level 1 in Fighting
 10399 | D:7      | Reached skill level 10 in Spellcasting
 10423 | D:7      | Reached XP level 10. HP: 52/67 MP: 0/0
 10510 | D:7      | Noticed a deep elf pyromancer
 10516 | D:7      | Noticed a boulder beetle
 10530 | D:7      | Killed a deep elf pyromancer
 10536 | D:7      | Annihilated by a boulder beetle

Illustrated notes

Levels and vault maps discovered:
D:1:      dpeg_arrival_water_temple_mockup, layout_loops_ring,
          kennysheep_another_room, st_stairs_1, minmay_3d_cube
D:2:      layout_loops_ring
D:3:      layout_basic, mainiacjoe_overflow_alcove_2, minmay_crystal_water,
          roderic_batcave, st_stairs_2, uniq_grinder, uniq_terence, uniq_robin
D:4:      layout_basic, lemuel_round_altar, minivault_26,
          roderic_serpentine_path
D:5:      layout_basic, mainiacjoe_overflow_cross_hatched,
          nemelex_xobeh_ov_fountains_minmay, minmay_temple_entry_hall,
          serial_shops, nicolae_diamond_shop, hangedman_abyss_or_decor_stagger,
          hangedman_abyss_or_decor_jellyfish_corner,
          nicolae_inconvenience_store, minmay_stone_trees_small,
          serial_bayou_pond_d
D:6:      layout_loops_ring, yredelemnul_forgotten_temple_becter
D:7:      minmay_the_grid_octo_tiled_octocenter [minmay_the_grid_octo_horde,
          minmay_the_grid_octo_focus, minmay_the_grid_octo_chip,
          minmay_the_grid_octo_pinwheel,
          minmay_the_grid_octo_prize_square_snowflake,
          minmay_the_grid_square_5x5_bridge,
          minmay_the_grid_square_5x5_gyroscope,
          minmay_the_grid_square_5x5_shrine1,
          minmay_the_grid_square_5x5_trominoes], layout_rooms,
          chequers_ossuary_entry_cave, moated_statue, uniq_crazy_yiuf_cottage
Temple:   jpeg_temple_island

Skill      XL: |  1  2  3  4  5  6  7  8  9 |
---------------+----------------------------+-----
Spellcasting   | 3 5 6 8 10 | 10.3
Fighting       | 3 |  3.9
Dodging        | |  2.1
Stealth        | |  1.5

Action                   |  1- 3 |  4- 6 |  7- 9 | 10-12 || total
-------------------------+-------+-------+-------+-------++-------
Melee: Unarmed           |    12 |     6 |    18 |       ||    36
 Cast: Foxfire           |   134 |    65 |   212 |     2 ||   413
       Searing Ray       |       |     8 |    26 |       ||    34
       Conjure Flame     |       |     2 |     1 |       ||     3
       Inner Flame       |       |     1 |       |     1 ||     2
       Sticky Flame      |       |       |     3 |       ||     3
       Call Canine Famil |       |       |     2 |     2 ||     4
       Call Imp          |       |       |     1 |       ||     1
       Fireball          |       |       |       |     5 ||     5
  Use: Scroll            |       |     4 |     5 |       ||     9
Armor: Robe              |     4 |    12 |    13 |       ||    29
       Leather armour    |       |       |    14 |     2 ||    16
Dodge: Dodged            |    16 |    22 |    42 |       ||    80

Table legend: (Time is in decaauts)
 A = Elapsed time spent in this place.
 B = Non-inter-level travel time spent in this place.
 C = Inter-level travel time spent in this place.
 D = Time resting spent in this place.
 E = Time spent auto-exploring this place.
 F = Levels seen in this place.
 G = Mean time per level.
                   A        B        C        D        E       F      G
               +--------+--------+--------+--------+--------+-----+--------+
         Total |  10536 |  10099 |    437 |     43 |   8906 |   9 | 1170.7 |
       Dungeon |   9698 |   9343 |    355 |     43 |   8235 |   7 | 1385.4 |
        Temple |    499 |    417 |     82 |      0 |    411 |   1 |  499.0 |
       Ossuary |    338 |    338 |      0 |      0 |    260 |   1 |  338.0 |
               +--------+--------+--------+--------+--------+-----+--------+

Top non-repeatable levels by time:
     D:1: 1718 daAuts
     D:5: 1715 daAuts
     D:3: 1704 daAuts
     D:2: 1617 daAuts
     D:4: 1550 daAuts
     D:6: 1030 daAuts
  Temple: 499 daAuts
     D:7: 361 daAuts
 Ossuary: 338 daAuts
